 Dungeon Crawl Stone Soup version 0.30-a0-243-gaa749bd8e4 (webtiles) character file.

Game seed: 3552851722496795956

270 Morbidden the Ruffian (level 6, -13/57 HPs)
             Began as a Troll Air Elementalist on Oct 11, 2022.
             Mangled by a two-headed ogre
             ... wielding a +0 giant club
              (18 damage)
             ... on level 4 of the Dungeon.
             The game lasted 00:03:09 (2465 turns).

Morbidden the Ruffian (Troll Air Elementalist)      Turns: 2465, Time: 00:03:10

Health: -13/57     AC:  5    Str: 14 (17) XL:     6   Next: 1%
Magic:  7/7        EV:  9    Int: 12 (13) God:
Gold:   323        SH:  0    Dex:  7 (10) Spells: 5/8 levels left

rFire   . . .      SeeInvis +      - Unarmed
rCold   . . .      Faith    .    (no shield)
rNeg    . . .      Spirit   .    a - +1 robe
rPois   .          Reflect  .    (helmet restricted)
rElec   .          Harm     +    c - scarf {harm}
rCorr   .          Rampage  .    (gloves unavailable)
Will    .....                    (boots unavailable)
Stlth   +.........               s - amulet of magic regeneration
HPRegen 1.09/turn                f - ring of see invisible
MPRegen 0.50/turn                (no ring)

@: no status effects
A: large, unfitting armour, claws 3, regeneration 1, shaggy fur 1, tough skin 1
a: no special abilities


You were on level 4 of the Dungeon.
You visited 1 branch of the dungeon, and saw 4 of its levels.

You collected 323 gold pieces.

Inventory:

Missiles
 r - 8 boomerangs (quivered)
Armour
 a - a +1 robe (worn)
 c - a scarf of harm (worn)
 h - a +0 cloak
Jewellery
 f - a ring of see invisible (left claw)
 s - an amulet of magic regeneration (around neck)
Scrolls
 d - a scroll of immolation {unknown}
 g - 4 scrolls of identify
 l - a scroll of blinking {unknown}
 m - 2 scrolls of torment
 n - a scroll of fear {unknown}
 o - a scroll of enchant armour
 p - a scroll of vulnerability {unknown}
 t - a scroll of fog {unknown}
Potions
 b - a potion of magic
 e - a potion of degeneration
 i - a potion of resistance {unknown}
 k - 2 potions of might
 q - a potion of lignification {unknown}
 u - a potion of experience {unknown}


   Skills:
 * Level 1.8 Fighting
 * Level 0.8 Armour
 * Level 2.3 Dodging
 + Level 1.1 Stealth
 * Level 3.0 Unarmed Combat
 * Level 1.5 Spellcasting
 * Level 1.1 Conjurations
 * Level 2.5 Air Magic


You had 5 spell levels left.
You knew the following spells:

 Your Spells              Type           Power      Damage    Failure   Level
a - Shock                 Conj/Air       20%        1d4       14%         1
b - Static Discharge      Conj/Air       10%        2-3/arc   21%         2

Your spell library contained the following spells:

 Spells                   Type           Power      Damage    Failure   Level
 Magic Dart               Conj           12%        1d3       19%         1
 Searing Ray              Conj           6%         2d4       26%         2
 Slow                     Hex            0%         N/A       28%         1
 Swiftness                Air            6%         N/A       30%         3
 Confusing Touch          Hex            0%         N/A       65%         3
 Vampiric Draining        Necr           0%         2d6       65%         3
 Airstrike                Air            3%         2d(1-17)  71%         4
 Fulminant Prism          Conj/Hex       1%         3d6       92%         4


Dungeon Overview and Level Annotations

Branches:
Dungeon (4/15)
 Temple: D:4-7

Altars:
Dithmenos

Shops:
D:1 [


Innate Abilities, Weirdness & Mutations

You are too large for most types of armour.
You have claws for hands.
Your natural rate of healing is unusually fast.
You are covered in fur. (AC +1)
You have tough skin. (AC +1)


Message History

Aim: a two-headed ogre, wielding two +0 giant clubs (lightly wounded, 83% to hit)
The zap hits the two-headed ogre but does no damage.
The two-headed ogre is lightly wounded.
A two-headed ogre is nearby!
Casting: Shock (safe; 13% risk of failure)
Confirm with . or Enter, or press ? or * to list all spells.
Aiming: Shock (safe; 13% risk of failure)
Press: ? - help, Shift-Dir - straight line, f/p - two-headed ogre
Aim: a two-headed ogre, wielding two +0 giant clubs (lightly wounded, 83% to hit)
The zap hits the two-headed ogre.
The two-headed ogre is lightly wounded.
The two-headed ogre barely misses you.
The two-headed ogre hits you but does no damage.
Unknown command.
You aren't carrying any items that you can evoke.
Unknown command.
As you read the scroll labelled LIUFARCHORU, it crumbles to dust.
It is a scroll of identify.
m - 2 scrolls of torment The two-headed ogre barely misses you.
The two-headed ogre hits you with a +0 giant club!
Unknown command.
As you read the scroll labelled CUEKKEU DYLYLE, it crumbles to dust.
It is a scroll of enchant armour.
Your +0 robe glows green for a moment.
Unknown command.
Unknown command.
It was a potion of degeneration.
There was something very wrong with that liquid.
You feel weakened.
You feel dopey.
You feel clumsy.
The two-headed ogre hits you with a +0 giant club!!
The two-headed ogre hits you with a +0 giant club!
* * * LOW HITPOINT WARNING * * *
Unknown command.
Okay, then.
The air fills with toxic fumes!
As you read the scroll labelled WUTOAMP COGUZE, it crumbles to dust.
It was a scroll of poison.
The two-headed ogre barely misses you.
The two-headed ogre hits you with a +0 giant club!
You die...

###.#########..........
#.# #..# #..######### #.#
#.## #.## #.# #.# #.# #.#
#.# #§# #.# #.# ##§## #.#
###.########§§§### .# #.#
.........§§§§§§§§# #.# #.#
###.########...#@# ###.#
#.# #.# ##)##§O§§§§§§.#
#.#
###.#########.##§######§.#
#.# ..............##§#
#..# #.#
###.############§# #..#
#.# #.# #§######..#####.#
#.# #§§.............# #.#
#§§.......####### ###.#
#.........#


You could see a two-headed ogre.

Vanquished Creatures
  A hound (D:3)
  A jelly (D:4)
  2 orc wizards
  7 adders
  A dart slug (D:3)
  7 orcs
  5 bats
  An endoplasm (D:3)
  6 giant cockroaches
  10 goblins
  9 hobgoblins
  12 jackals
  2 quokkas
  7 ball pythons
  A frilled lizard (D:1)
  7 kobolds
  7 rats
86 creatures vanquished.

Notes
Turn   | Place    | Note
-------+----------+-------------------------------------------
     0 | D:1      | Morbidden the Troll Air Elementalist began the quest for
                  | the Orb.
     0 | D:1      | Reached XP level 1. HP: 16/16 MP: 1/1
   149 | D:1      | Found Wuashopurgh's Armour Emporium.
   161 | D:1      | Reached XP level 2. HP: 25/26 MP: 2/2
   421 | D:1      | Reached XP level 3. HP: 32/32 MP: 4/4
   628 | D:2      | Reached skill level 1 in Fighting
   634 | D:2      | Learned a level 2 spell: Static Discharge
   652 | D:2      | Reached skill level 1 in Unarmed Combat
   668 | D:2      | Reached XP level 4. HP: 40/41 MP: 5/5
   999 | D:3      | Reached skill level 2 in Unarmed Combat
  1053 | D:3      | Found a shadowy altar of Dithmenos.
  1177 | D:3      | Reached skill level 1 in Conjurations
  1261 | D:3      | Reached XP level 5. HP: 31/49 MP: 6/6
  2005 | D:4      | Reached skill level 3 in Unarmed Combat
  2095 | D:4      | Reached XP level 6. HP: 57/57 MP: 7/7
  2458 | D:4      | Noticed a two-headed ogre
  2465 | D:4      | Mangled by a two-headed ogre

Illustrated notes

Levels and vault maps discovered:
D:1:      minmay_arrival_four_houses, layout_rooms, serial_shops,
          nicolae_shop_temple_entry_statues_fountains
D:2:      kennysheep_the_goblin_king, layout_basic, minmay_hedge_maze
D:3:      layout_basic, grunt_dithmenos_smoke_and_mirrors
D:4:      layout_loops_ring, kennysheep_small_circle

Skill      XL: |  1  2  3  4  5 |
---------------+----------------+-----
Fighting       | 1 |  1.8
Unarmed Combat | 1 2 3 |  3.0
Dodging        | 2 |  2.3
Conjurations   | 1 |  1.1
Armour         | |  0.8
Stealth        | |  1.1
Spellcasting   | |  1.5
Air Magic      | |  2.5

Action                   |  1- 3 |  4- 6 || total
-------------------------+-------+-------++-------
Melee: Unarmed           |   139 |   161 ||   300
       Punch             |       |     3 ||     3
Throw: Boomerang         |       |     1 ||     1
 Cast: Shock             |       |     5 ||     5
  Use: Scroll            |       |     3 ||     3
       Potion            |       |     1 ||     1
 Stab: Sleeping          |       |     3 ||     3
Armor: Robe              |    63 |    47 ||   110
Dodge: Dodged            |    90 |    95 ||   185

Table legend: (Time is in decaauts)
 A = Elapsed time spent in this place.
 B = Non-inter-level travel time spent in this place.
 C = Inter-level travel time spent in this place.
 D = Time resting spent in this place.
 E = Time spent auto-exploring this place.
 F = Levels seen in this place.
 G = Mean time per level.
                   A        B        C        D        E       F      G
               +--------+--------+--------+--------+--------+-----+--------+
         Total |   2458 |   2291 |    167 |      0 |   1707 |   4 |  614.5 |
       Dungeon |   2458 |   2291 |    167 |      0 |   1707 |   4 |  614.5 |
               +--------+--------+--------+--------+--------+-----+--------+

Top non-repeatable levels by time:
     D:3: 743 daAuts
     D:4: 666 daAuts
     D:1: 529 daAuts
     D:2: 519 daAuts
